 Dungeon Sprint DCSS version 0.31-a0-700-gf13585253f (webtiles) character file.

Game seed: 10637187543154496317

46767 rocky1 the Sensei (level 14, -49/114 HPs)
             Began as a Djinni Shapeshifter on Sept 7, 2023.
             Was an Initiate of Gozag.
             Killed from afar by an ice dragon (55 damage)
             ... with a blast of cold
             ... in the Dungeon (Sprint IX: "|||||||||||||||||||||||||||||").
             The game lasted 00:21:39 (4898 turns).

rocky1 the Sensei (Djinni Shapeshifter)             Turns: 4898, Time: 00:21:39

Health: -49/114    AC: 31    Str: 17    XL:     14   Next: 78%
Gold:   1777       EV:  9    Int: 13    God:    Gozag SH:  0 Dex: 17

rFire   + +          .
                       - Unarmed
rCold   x . .        (shield currently unavailable)
rNeg    . . .        u - +4 plate armour of Day {rPois Str+4 Slay+2}
rPois   ∞            N - +1 helmet
rElec   .            v - +2 cloak {Will+}
rCorr   .            L - +1 pair of gloves
SInv    .            (boots unavailable)
Will    ++...        (no amulet) Stlth
                     m - +2 ring of protection
HPRegen 0.39/turn    s - +4 ring of protection
MPRegen 0.00/turn

%: no teleportation, infuse magic (-50 HP)
@: flux-form, gold aura, flying, glowing
A: glow, contaminating, flying, sickness immunity, fire resistance 2, cold
vulnerability 1, float, innate caster, HP casting, extra vitality 1
a: Begin Untransformation, Renounce Religion, Potion Petition, Call Merchant,
Bribe Branch


You were in the Dungeon.
You worshipped Gozag.
Gozag was most pleased with you.
You were something dangerously unstable.
You visited 1 branch You collected 13064 gold pieces.
You spent 5553 gold pieces at shops.
You paid 5734 gold pieces to Gozag.

Inventory:

Hand Weapons
 b - a +3 scimitar of flaming
Missiles
 G - 2 throwing nets
Armour
 k - a +2 ring mail of cold resistance
 l - the +1 leather armour "Zate" {+Inv}
   (You bought it in a shop in the Dungeon)

   +Inv:      It lets you turn invisible.
 t - the +8 plate armour of the Vacuum {Harm Rampage Dex-4 Stlth+}
   (You bought it in a shop in the Dungeon)

   Dex-4:     It affects your dexterity (-4).
   Harm:      It increases damage dealt and taken.
   Rampage:   It bestows one free step when moving towards enemies.
   Stlth+:    It makes you more stealthy.
 u - the +4 plate armour of Day (worn) {rPois Str+4 Slay+2}
   (You bought it in a shop in the Dungeon)

   Str+4:     It affects your strength (+4).
   Slay+2:    It affects your accuracy & damage with ranged weapons and melee
   (+2).
   rPois:     It protects you from poison
 v - a +2 cloak of willpower (worn)
 C - the +7 plate armour "Naskev" {Dex+3}
   (You bought it in a shop in the Dungeon)

   Dex+3:     It affects your dexterity (+3).
 E - the +1 robe of Eternity {rElec}
   (You bought it in a shop in the Dungeon)

   rElec:     It insulates you from electricity.
 L - a +1 pair of gloves (worn)
 N - a +1 helmet (worn)
Jewellery
 m - a +2 ring of protection (left hand)
 s - a +4 ring of protection (right hand)
 I - a ring of protection from fire
Talismans
 c - a beast talisman
 d - a flux talisman (active)
Wands
 h - a wand of light (4)
 j - a wand of roots (7)
 F - a wand of charming (8)
Scrolls
 i - a scroll of blinking
 p - 5 scrolls of enchant armour
 q - 3 scrolls of fog
 y - a scroll of poison
 z - a scroll of fear
Potions
 a - a potion of lignification
 e - 5 potions of curing
 f - a potion of heal wounds
 g - 2 potions of haste
 n - 2 potions of brilliance
 o - 4 potions of might
 w - a potion of degeneration {unknown}
 x - 2 potions of cancellation
 J - a potion of resistance
 K - a potion of berserk rage
Miscellaneous
 r - a lightning rod (4/4) (quivered)


   Skills:
 + Level 15.0 Fighting
 - Level 8.4 Armour
 - Level 8.6 Dodging
 - Level 7.4 Stealth
 * Level 22.8 Unarmed Combat
 - Level 7.4 Spellcasting
 - Level 7.4 Conjurations
 - Level 7.4 Hexes
 - Level 7.4 Summonings
 - Level 7.4 Necromancy
 - Level 7.4 Translocations
 - Level 7.4 Transmutations
 - Level 7.4 Fire Magic
 - Level 7.4 Ice Magic
 - Level 7.4 Air Magic
 - Level 7.4 Earth Magic
 - Level 7.4 Poison Magic
 + Level 11.8 Evocations
 * Level 17.7 Shapeshifting


You knew the following spells:

 Your Spells              Type           Power      Damage    Failure   Level
a - Magic Dart            Conj           96%        1d7       21%         1
b - Poisonous Vapours     Pois/Air       48%        N/A       30%         2
c - Gell's Gravitas       Tloc           24%        N/A       52%         3
d - Stone Arrow           Conj/Erth      48%        3d10      52%         3
e - Fireball              Conj/Fire      12%        3d7       99%         5
f - Alistair's Intoxicat  Tmut/Pois      16%        N/A       99%         5
Your spell library was empty.

Dungeon Overview and Level Annotations

Branches:
Dungeon (1/1)

Altars:
Cheibriados
Dithmenos
Elyvilon
Fedhas
Gozag
Hepliaklqana
Makhleb
Nemelex Xobeh
Okawaru
Qazlal
Ru
Trog
Uskayaw
Wu Jian
Xom
Yredelemnul
Zin
The Shining One
Jiyva
Lugonu

Shops:
D [(*(:*[*


Innate Abilities, Weirdness & Mutations

You are something dangerously unstable.
You glow with magical radiation, making you easy to see and hit.
Foes you strike become dangerously contaminated with magical radiation.
You are flying.
You are incapable of wielding weapons or throwing items.
You are immune to sickness and miasma.
You are immune to poison.
Your flesh is very heat resistant. (rF++)
You are vulnerable to cold. (rC-)
You float through the air rather than walking.
You learn spells naturally, not from books.
Your magical power is your life essence.
You have superior vitality. (+4 MHP)


Message History

You destroy the vampire mage!
Reactivating autopickup.
The jiangshi disappears in a puff of smoke!
The vampire disappears in a puff of smoke!
Your Fighting skill increases to level 15!
Unknown command.
A stone giant comes into view.
The stone giant shouts!
The ice dragon is no longer distracted by gold.
Things that are here:
36 gold pieces; a +0 robe You pummel the ice dragon!!
The ice dragon begins to glow.
The ice dragon is moderately wounded.
You punch the ice dragon!
The ice dragon glows dangerously bright.
The ice dragon is moderately wounded.
The tengu warrior is no longer distracted by gold.
The ice dragon barely misses you.
The ice dragon claws you but does no damage.
The ice dragon tramples you but does no damage.
You punch the ice dragon!
The ice dragon shudders as magic cascades through it.
The ice dragon twists and deforms.
The ice dragon is heavily wounded.
You hit the ice dragon.
The ice dragon begins to glow.
The ice dragon is heavily wounded.
The ice dragon bites you but does no damage.
The ice dragon claws you but does no damage.
The ice dragon tramples you!
You are shoved backwards!
You punch the ice dragon!
The ice dragon glows dangerously bright.
The ice dragon is severely wounded.
The ice dragon breathes frost at you. The blast of cold hits you!!!
You feel a terrible chill!
* * * LOW HITPOINT WARNING * * *
The ice dragon breathes frost at you.
The blast of cold hits the ice dragon!
The ice dragon resists.
The blast of cold hits you!!!
You feel a terrible chill!
You die...
Your body crumbles into a pile of gold.

▓▓▓▓▓▓▓▓▓▓▓▓▓▓▓▓▓▓▓▓▓▓▓▓▓
Q.C...DDB$$$$...........[
▓▓▓▓▓▓▓▓▓▓▓▓▓▓▓▓▓▓▓▓▓▓▓▓▓▓▓▓▓▓▓▓▓
.................................
♣♣♣▓▓▓▓▓▓▓▓▓▓▓▓▓▓▓▓▓▓▓▓▓▓▓▓▓▓▓▓▓▓
.)'[...)))).'.....∩)))'..........
♣♣♣▓▓▓▓▓▓▓▓▓▓▓▓▓▓▓▓▓▓▓▓▓▓▓▓▓▓▓▓▓▓
.................................
▓▓▓▓▓▓▓▓▓▓▓▓▓▓▓▓▓▓▓▓▓▓▓▓▓▓▓▓▓▓▓▓▓
......[=[[[.[[.))))))))...=='....


You could see 2 ice dragons and a stone giant.

Vanquished Creatures
  A tengu reaver (D)
  An emperor scorpion (D)
  3 very ugly things (D)
  3 stone giants (D)
  A vampire knight (D)
  A bunyip (D)
  An eleionoma (D)
  An ettin (D)
  A merfolk javelineer (D)
  Josephine (D)
  A shambling mangrove (D)
  Harold (D)
  4 hydras (D)
  A spriggan air mage (D)
  An ogre mage (D)
  A radroach (D)
  An ice dragon (D)
  A naga warrior (D)
  2 boulder beetles (D)
  A jorogumo (D)
  A two-headed ogre (D)
  3 naga sharpshooters (D)
  A tengu warrior (D)
  A hell knight (D)
  A shock serpent (D)
  2 vampire magi (D)
  Nergalle (D)
  A pharaoh ant (D)
  4 sea snakes (D)
  A bog body (D)
  A swamp dragon (D)
  A spriggan druid (D)
  A naga ritualist (D)
  A wizard (D)
  A steelbarb worm (D)
  A harpy (D)
  13 orc knights (D)
  An ugly thing (D)
  2 lindwurms (D)
  A will-o-the-wisp (D)
  A manticore (D)
  2 cane toads (D)
  3 naga magi (D)
  3 komodo dragons (D)
  An efreet (D)
  A freezing wraith (D)
  A meliai (D)
  A tyrant leech (D)
  3 merfolk (D)
  A hornet (shapeshifter) (D)
  A hornet (D)
  2 trolls (D)
  2 blink frogs (D)
  A slime creature (D)
  A shadow (D)
  4 yaks (D)
  3 wraiths (D)
  2 culicivoras (D)
  A wyvern (D)
  2 acid dragons (D)
  4 water moccasins (D)
  12 orc warriors (D)
  An ice beast (D)
  A wolf (D)
  A bullfrog (D)
  A scorpion (D)
  A wight (D)
  2 howler monkeys (D)
  5 orc priests (D)
  A jelly (D)
  A sleepcap (D)
  3 orc wizards (D)
  5 worms (D)
  7 orcs (D)
  A hobgoblin (D)
  A kobold (D)
  A quokka (D)
  2 bats (D)
153 creatures vanquished.

Vanquished Creatures (others)
  A foxfire (D)
1 creature vanquished.

Grand Total: 154 creatures vanquished

Notes
Turn   | Place    | Note
-------+----------+-------------------------------------------
     0 | D        | rocky1 the Djinni Shapeshifter began the quest for the Orb.
     0 | D        | Reached XP level 1. HP: 17/17 MP: 0/0
    20 | D        | Reached XP level 2. HP: 18/22 MP: 0/0
    41 | D        | Noticed a scorpion
    41 | D        | Noticed a howler monkey
    41 | D        | Noticed an ice beast
    51 | D        | Reached skill level 5 in Unarmed Combat
    51 | D        | Reached XP level 3. HP: 22/27 MP: 0/0
    51 | D        | Learned a level 1 spell: Magic Dart
    53 | D        | Killed an ice beast
    54 | D        | Reached skill level 7 in Unarmed Combat
    54 | D        | Reached skill level 5 in Shapeshifting
    54 | D        | Reached XP level 4. HP: 28/33 MP: 0/0
    54 | D        | Reached XP level 5. HP: 33/38 MP: 0/0
    54 | D        | Learned a level 2 spell: Poisonous Vapours
    63 | D        | Reached skill level 8 in Unarmed Combat
    68 | D        | Reached XP level 6. HP: 33/43 MP: 0/0
   355 | D        | Found a snail-covered altar of Cheibriados.
   355 | D        | Found a shadowy altar of Dithmenos.
   355 | D        | Found a white marble altar of Elyvilon.
   355 | D        | Found a blossoming altar of Fedhas.
   355 | D        | Found an opulent altar of Gozag.
   356 | D        | Found a hazy altar of Hepliaklqana.
   357 | D        | Found a viscous altar of Jiyva.
   359 | D        | Found a corrupted altar of Lugonu.
   360 | D        | Found a burning altar of Makhleb.
   361 | D        | Found a sparkling altar of Nemelex Xobeh.
   362 | D        | Found an iron altar of Okawaru.
   363 | D        | Became a worshipper of Gozag Ym Sagoz the Greedy
   364 | D        | Found a stormy altar of Qazlal.
   365 | D        | Found a sacrificial altar of Ru.
   367 | D        | Found a bloodstained altar of Trog.
   368 | D        | Found a hide-covered altar of Uskayaw.
   370 | D        | Found an ornate altar of the Wu Jian Council.
   371 | D        | Found a shimmering altar of Xom.
   372 | D        | Found a basalt altar of Yredelemnul.
   373 | D        | Found a glowing silver altar of Zin.
   374 | D        | Found a glowing golden altar of the Shining One.
   413 | D        | Noticed a yak
   413 | D        | Noticed an acid dragon
   413 | D        | Noticed a two-headed ogre
   419 | D        | Killed a two-headed ogre
   420 | D        | Reached skill level 11 in Unarmed Combat
   420 | D        | Reached XP level 7. HP: 23/49 MP: 0/0
   420 | D        | Learned a level 3 spell: Gell's Gravitas
   420 | D        | Reached XP level 8. HP: 26/55 MP: 0/0
   425 | D        | Reached skill level 12 in Unarmed Combat
   429 | D        | Killed a yak
   699 | D        | Noticed a troll
   699 | D        | Noticed a boulder beetle
   699 | D        | Noticed a troll
   699 | D        | Noticed a shadow
   699 | D        | Noticed an efreet
   705 | D        | Killed an efreet
   706 | D        | Reached skill level 13 in Unarmed Combat
   706 | D        | Reached XP level 9. HP: 50/61 MP: 0/0
   706 | D        | Learned a level 3 spell: Stone Arrow
   711 | D        | Reached skill level 1 in Stealth
   711 | D        | Reached skill level 10 in Shapeshifting
   730 | D        | Killed a boulder beetle
   731 | D        | Reached skill level 14 in Unarmed Combat
   735 | D        | Killed a troll
   742 | D        | Killed a troll
   743 | D        | Reached skill level 15 in Unarmed Combat
   903 | D        | Noticed a blink frog
   903 | D        | Noticed a cane toad
   903 | D        | Noticed a komodo dragon
   908 | D        | Killed a komodo dragon
   909 | D        | Reached skill level 5 in Armour
   910 | D        | Reached XP level 10. HP: 45/69 MP: 0/0
   917 | D        | Killed a cane toad
   918 | D        | Reached skill level 5 in Fighting
   918 | D        | Reached skill level 5 in Stealth
   940 | D        | Noticed a komodo dragon
   940 | D        | Noticed an eight-headed hydra
   942 | D        | Noticed a cane toad
   946 | D        | HP: 2/72 [eight-headed hydra (9)]
  1172 | D        | Killed an eight-headed hydra
  1173 | D        | Reached skill level 16 in Unarmed Combat
  1440 | D        | Noticed a komodo dragon
  1443 | D        | Killed a komodo dragon
  1456 | D        | Killed a cane toad
  1460 | D        | Reached XP level 11. HP: 26/78 MP: 0/0
  1460 | D        | Learned a level 5 spell: Fireball
  1811 | D        | Bought a wand of light (4) for 268 gold pieces
  1811 | D        | Bought a lightning rod (4/4) for 640 gold pieces
  1815 | D        | Noticed a lindwurm
  1815 | D        | Noticed a lindwurm
  1821 | D        | Killed a lindwurm
  1822 | D        | Reached skill level 1 in Evocations
  1830 | D        | Killed a lindwurm
  2127 | D        | Noticed Josephine
  2136 | D        | Killed Josephine
  2148 | D        | Reached skill level 17 in Unarmed Combat
  2317 | D        | Noticed an orc knight
  2328 | D        | Killed an orc knight
  2494 | D        | Bought a bubbling dark potion for 19 gold pieces
  2494 | D        | Bought a grey potion for 19 gold pieces
  2494 | D        | Bought a scroll labelled XAIVVI WAWI for 22 gold pieces
  2494 | D        | Bought a scroll labelled EGOTAC JAMONT for 22 gold pieces
  2494 | D        | Bought a scroll of enchant armour for 165 gold pieces
  2494 | D        | Bought a grey potion for 19 gold pieces
  2494 | D        | Bought a runed ring mail for 154 gold pieces
  2494 | D        | Bought a scroll labelled ZIYCAN GOAFRE for 22 gold pieces
  2522 | D        | Noticed an orc knight
  2525 | D        | Killed an orc knight
  2689 | D        | Found Waocef's Distillery.
  2689 | D        | Noticed an orc knight
  2689 | D        | Noticed an orc knight
  2689 | D        | Noticed an orc knight
  2689 | D        | Noticed an orc knight
  2692 | D        | Killed an orc knight
  2693 | D        | Reached skill level 5 in Spellcasting
  2693 | D        | Reached skill level 5 in Conjurations
  2693 | D        | Reached skill level 5 in Hexes
  2693 | D        | Reached skill level 5 in Summonings
  2693 | D        | Reached skill level 5 in Necromancy
  2693 | D        | Reached skill level 5 in Translocations
  2693 | D        | Reached skill level 5 in Transmutations
  2693 | D        | Reached skill level 5 in Fire Magic
  2693 | D        | Reached skill level 5 in Ice Magic
  2693 | D        | Reached skill level 5 in Air Magic
  2693 | D        | Reached skill level 5 in Earth Magic
  2693 | D        | Reached skill level 5 in Poison Magic
  2693 | D        | Killed an orc knight
  2693 | D        | Killed an orc knight
  2694 | D        | Reached XP level 12. HP: 90/90 MP: 0/0
  2697 | D        | Found Letia's Book Shop.
  2699 | D        | Found Xafeutunk's Antique Weapon Boutique.
  2704 | D        | Reached skill level 10 in Fighting
  2705 | D        | Found Xealiodu's Antique Weapon Shop.
  2724 | D        | Reached skill level 18 in Unarmed Combat
  3005 | D        | Bought a potion of brilliance for 48 gold pieces
  3005 | D        | Bought a potion of might for 48 gold pieces
  3005 | D        | Bought a potion of lignification for 36 gold pieces
  3005 | D        | Bought a potion of curing for 36 gold pieces
  3005 | D        | Bought a potion of might for 48 gold pieces
  3005 | D        | Bought a potion of curing for 36 gold pieces
  3005 | D        | Bought a potion of haste for 120 gold pieces
  3016 | D        | Bought a shiny scale mail for 231 gold pieces
  3016 | D        | Bought a glowing ring mail for 231 gold pieces
  3016 | D        | Bought a steaming plate armour for 924 gold pieces
  3016 | D        | Identified the +7 plate armour "Naskev" {Dex+3} (You bought
                  | it in a shop in the Dungeon)
  3016 | D        | Bought a glowing ring mail for 231 gold pieces
  3016 | D        | Bought a twisted robe for 188 gold pieces
  3016 | D        | Identified the +1 robe of Eternity {rElec} (You bought it
                  | in a shop in the Dungeon)
  3162 | D        | Noticed Harold
  3177 | D        | Killed Harold
  3412 | D        | Noticed an ogre mage
  3415 | D        | Noticed a six-headed hydra
  3416 | D        | Killed an ogre mage
  3416 | D        | Noticed a tengu reaver
  3417 | D        | Reached skill level 5 in Evocations
  3478 | D        | Noticed a cyan very ugly thing
  3479 | D        | Noticed a vampire mage
  3480 | D        | Killed a six-headed hydra
  3481 | D        | Killed a tengu reaver
  3481 | D        | Noticed a stone giant
  3482 | D        | Reached XP level 13. HP: 75/99 MP: 0/0
  3482 | D        | Learned a level 5 spell: Alistair's Intoxication
  3483 | D        | Reached skill level 19 in Unarmed Combat
  3483 | D        | Killed a red very ugly thing
  3484 | D        | Noticed a vampire knight
  3494 | D        | Killed a stone giant
  3505 | D        | Killed a vampire knight
  3810 | D        | Noticed a jorogumo
  3819 | D        | Noticed an emperor scorpion
  3829 | D        | Noticed a radroach
  3851 | D        | Killed a jorogumo
  3852 | D        | Reached skill level 20 in Unarmed Combat
  4053 | D        | Killed a radroach
  4054 | D        | Reached skill level 15 in Shapeshifting
  4054 | D        | Killed an emperor scorpion
  4092 | D        | Noticed a merfolk javelineer
  4097 | D        | Killed a merfolk javelineer
  4247 | D        | Noticed a five-headed hydra
  4247 | D        | Noticed an eleionoma
  4247 | D        | Noticed a shambling mangrove
  4250 | D        | Killed a shambling mangrove
  4250 | D        | Killed an eleionoma
  4251 | D        | Reached skill level 21 in Unarmed Combat
  4251 | D        | Reached XP level 14. HP: 110/110 MP: 0/0
  4257 | D        | Noticed a bunyip
  4261 | D        | Reached skill level 10 in Evocations
  4269 | D        | Killed a bunyip
  4404 | D        | Reached skill level 22 in Unarmed Combat
  4490 | D        | Bought a jewelled leather armour for 203 gold pieces
  4490 | D        | Identified the +1 leather armour "Zate" {+Inv} (You bought
                  | it in a shop in the Dungeon)
  4490 | D        | Bought a bloodstained plate armour for 812 gold pieces
  4490 | D        | Identified the +8 plate armour of the Vacuum {Harm Rampage
                  | Dex-4 Stlth+} (You bought it in a shop in the Dungeon)
  4490 | D        | Bought an ichor-stained plate armour for 812 gold pieces
  4490 | D        | Identified the +4 plate armour of Day {rPois Str+4 Slay+2}
                  | (You bought it in a shop in the Dungeon)
  4627 | D        | Bought a runed cloak for 157 gold pieces
  4627 | D        | Bought a scroll of identify for 42 gold pieces
  4648 | D        | Noticed Nergalle
  4659 | D        | Killed Nergalle
  4859 | D        | Noticed a stone giant
  4859 | D        | Noticed a red very ugly thing
  4859 | D        | Noticed a green very ugly thing
  4863 | D        | Killed a red very ugly thing
  4863 | D        | Killed a green very ugly thing
  4864 | D        | Killed a stone giant
  4866 | D        | Noticed a stone giant
  4879 | D        | Killed a stone giant
  4893 | D        | Reached skill level 15 in Fighting
  4893 | D        | Noticed a stone giant
  4898 | D        | Killed from afar by an ice dragon

Illustrated notes

Levels and vault maps discovered:
D:        linesprint [early_d, line_temple, items_1, d_10, items_2, lair_1,
          lair_end, items_3, orc_1, orc_end, items_4, d_15, swamp_1, shoals_1,
          snake_1, spider_1, d_20, vaults_1, items_5, swamp_end, shoals_end,
          snake_end, spider_end, vaults_end, d_27, items_6, zot_1, zot_end,
          crypt_end, forest_end, elf_end, slime_end, tomb_end, abyss_end,
          pan_hell_end]

Skill      XL: |  1  2  3  4  5  6  7  8  9 10 11 12 13 14 |
---------------+-------------------------------------------+-----
Shapeshifting  | 3 4 5 7 9 10 11 12 13 16 17 | 17.7
Dodging        | 3 4 6 7 8 |  8.6
Unarmed Combat | 5 7 8 11 13 15 16 17 18 21 22 | 22.8
Fighting       | 2 3 4 6 9 11 13 15 | 15.0
Armour         | 2 3 5 7 8 |  8.4
Stealth        | 4 7 |  7.4
Evocations     | 2 6 9 11 | 11.8
Spellcasting   | 5 7 |  7.4
Conjurations   | 5 7 |  7.4
Hexes          | 5 7 |  7.4
Summonings     | 5 7 |  7.4
Necromancy     | 5 7 |  7.4
Translocations | 5 7 |  7.4
Transmutations | 5 7 |  7.4
Fire Magic     | 5 7 |  7.4
Ice Magic      | 5 7 |  7.4
Air Magic      | 5 7 |  7.4
Earth Magic    | 5 7 |  7.4
Poison Magic   | 5 7 |  7.4

Action                     |  1- 3 |  4- 6 |  7- 9 | 10-12 | 13-15 || total
---------------------------+-------+-------+-------+-------+-------++-------
  Melee: Unarmed           |    26 |    17 |    51 |   170 |   118 ||   382
         Punch             |     1 |       |     4 |    23 |       ||    28
 Invoke: Potion Petition   |       |       |     1 |     2 |     1 ||     4
         Call Merchant     |       |       |       |     3 |     2 ||     5
  Evoke: Wand              |       |     1 |       |     2 |       ||     3
         Lightning rod     |       |       |       |    25 |    35 ||    60
    Use: Potion            |     1 |     2 |     2 |     4 |     7 ||    16
         Scroll            |       |       |       |     2 |     6 ||     8
   Stab: Invisible         |       |       |     8 |    22 |       ||    30
         Distracted        |       |       |       |     3 |     2 ||     5
 Armour: Animal skin       |     6 |       |       |       |       ||     6
         Skin              |    10 |    10 |       |       |       ||    20
         Plate armour      |       |     5 |    31 |    94 |    31 ||   161
         Ring mail         |       |       |       |    21 |    93 ||   114
  Dodge: Dodged            |    10 |     2 |    16 |    50 |    50 ||   128
   Form: Flux              |       |       |       |     1 |       ||     1

Table legend: (Time is in decaauts)
 A = Elapsed time spent in this place.
 B = Non-inter-level travel time spent in this place.
 C = Inter-level travel time spent in this place.
 D = Time resting spent in this place.
 E = Time spent auto-exploring this place.
 F = Levels seen in this place.
 G = Mean time per level.
                   A        B        C        D        E       F      G
               +--------+--------+--------+--------+--------+-----+--------+
         Total |   4789 |   4785 |      4 |   3009 |      0 |   1 | 4789.0 |
       Dungeon |   4789 |   4785 |      4 |   3009 |      0 |   1 | 4789.0 |
               +--------+--------+--------+--------+--------+-----+--------+

Top non-repeatable levels by time:
       D: 4789 daAuts
